 Dungeon Sprint DCSS version 0.22-a0-393-g7f50228948 (webtiles) character file.

559886 Hephaistos the Demonic Catastrophe (level 22, -3/212 HPs)
             Began as a Demonspawn Fighter on May 3, 2018.
             Was an Elder of Qazlal.
             Killed from afar by Ereshkigal (11 damage)
             ... with a bolt of cold
             ... while paralysed by Ereshkigal
             ... in the Dungeon (Sprint IX: "|||||||||||||||||||||||||||||").
             The game lasted 00:18:20 (7024 turns).

Hephaistos the Demonic Catastrophe (DsFi)           Turns: 7024, Time: 00:18:21

Health: -3/212     AC: 36    Str: 24    XL:     22   Next: 24%
Magic:  49/49      EV:  2    Int: 14    God:    Qazlal [****..]
Gold:   860        SH:  0    Dex: 34    Spells: 50/50 levels left

rFire    + + +     SeeInvis .   R - +8 autumn katana {slice, Clar}
rCold    + . .     Gourm    .   Z - +5 large shield
rNeg     + + .     Faith    .   H - +7 gold dragon scales
rPois    +         Spirit   .   (helmet unavailable)
rElec    +         Reflect  .   o - +2 cloak {rPois}
rCorr    .         Harm     .   Y - +2 pair of gloves
MR       +....     Clarity  +   (no boots) Stlth ++........NoTele +
                                A - amulet of Kikubaaqudgha's Hatred {Acrobat Int+4 Dex+5}
HPRegen  0.45/turn              z - ring of Gin and Tonic {+Blink MP+9 Dex-2 Slay+3}
MPRegen  0.31/turn              S - ring "Jaxtef" {*Drain +Fly rElec rF+ rN++}

@: paralysed, mighty, agile, hasted, repel missiles
A: horns 3, thin skeletal structure 3, deformed body, fire resistance 1, powered
by death 2, powered by pain 3, flame cloud immunity
}: 9/15 runes: decaying, serpentine, barnacled, slimy, elven, silver, golden,
abyssal, gossamer
a: Upheaval, Elemental Force, Renounce Religion, Evoke Blink, Evoke Flight


You were in the Dungeon.
You worshipped Qazlal.
Qazlal was greatly pleased with you.
You were not hungry.

You visited 1 branch You collected 1933 gold pieces.
You spent 1073 gold pieces at shops.

Inventory:

Hand Weapons
 R - the +8 autumn katana (weapon) {slice, Clar}
   (You took it off a deep elf archer in the Dungeon)

   It inflicts extra damage upon your enemies.
   It protects you against confusion.
 X - a +5 antimagic demon blade
Armour
 o - a +2 cloak of poison resistance (worn)
 H - +7 gold dragon scales (worn)
 Y - a +2 pair of gloves (worn)
 Z - a +5 large shield (worn)
Jewellery
 t - an uncursed ring of ice
 z - the ring of Gin and Tonic (left hand) {+Blink MP+9 Dex-2 Slay+3}
   (You bought it in a shop in the Dungeon)

   [ring of magical power]

   It affects your dexterity (-2).
   It affects your accuracy and damage with ranged weapons and melee attacks
   (+3).
   It affects your magic capacity (+9).
   It lets you blink.
 A - the amulet of Kikubaaqudgha's Hatred (around neck) {Acrobat Int+4 Dex+5}
   (You bought it in a shop in the Dungeon)

   [amulet of the acrobat]

   It helps you evade while moving and waiting.
   It affects your intelligence (+4).
   It affects your dexterity (+5).
 S - the ring "Jaxtef" (right hand) {*Drain +Fly rElec rF+ rN++}
   (You found it in the Dungeon)

   [ring of protection from fire]

   It protects you from fire.
   It insulates you from electricity.
   It greatly protects you from negative energy.
   It lets you fly.
   It causes draining when unequipped.
 T - the amulet "Plog" {Regen+ Int+2 Dex+3 Stlth+}
   (You found it in the Dungeon)

   [amulet of regeneration]

   It affects your intelligence (+2).
   It affects your dexterity (+3).
   It increases your rate of regeneration.
   It makes you more stealthy.
 U - the amulet "Ifaomem" {RegenMP Int+3}
   (You found it in the Dungeon)

   [amulet of magic regeneration]

   It increases your magic regeneration.
   It affects your intelligence (+3).
 V - the amulet of Cadoor {Reflect Str+8 Dex-4 Slay-6 SH+3}
   (You found it in the Dungeon)

   [amulet of reflection]

   It shields you and reflects attacks.
   It affects your strength (+8).
   It affects your dexterity (-4).
   It affects your accuracy and damage with ranged weapons and melee attacks
   (-6).
   It affects your SH (+3).
 W - the ring "Wuwow" {rElec AC+3 Str+4}
   (You found it in the Dungeon)

   [ring of protection]

   It affects your AC (+3).
   It affects your strength (+4).
   It insulates you from electricity.
Wands
 n - a wand of iceblast (5)
Scrolls
 k - 4 scrolls of blinking
 l - 6 scrolls of remove curse
 m - 3 scrolls of amnesia
 q - a scroll of fog
 r - a scroll of immolation {unknown}
 w - 5 scrolls of identify
 x - 6 scrolls of fear
 G - 6 scrolls of enchant weapon
Potions
 a - a potion of resistance
 b - 3 potions of brilliance
 d - 4 potions of berserk rage
 e - 10 potions of curing
 g - 5 potions of heal wounds
 h - 2 potions of haste
 i - 5 potions of magic
 j - a potion of invisibility
 v - a potion of might
 K - a potion of ambrosia {unknown}
Comestibles
 f - 13 rations


   Skills:
 O Level 27 Fighting
 O Level 27 Long Blades
 + Level 14.8 Throwing
 O Level 27 Armour
 O Level 27 Dodging
 + Level 15.6 Stealth
 O Level 27 Shields
 O Level 27 Unarmed Combat
 + Level 14.5 Spellcasting
 O Level 27 Invocations
 O Level 27 Evocations


You had 50 spell levels left.
You didn't know any spells.

Dungeon Overview and Level Annotations

Branches:
Dungeon (1/1)

Altars:
Cheibriados
Dithmenos
Elyvilon
Fedhas
Gozag
Hepliaklqana
Kikubaaqudgha
Makhleb
Nemelex Xobeh
Okawaru
Qazlal
Ru
Sif Muna
Trog
Uskayaw
Vehumet
Wu Jian
Xom
Yredelemnul
Zin
The Shining One
Beogh
Jiyva
Lugonu

Shops:
D :==?

Annotations:
D Ereshkigal


Innate Abilities, Weirdness & Mutations

You have a pair of large horns on your head.
You have an unnaturally thin skeletal structure. (Dex +6, Stealth++)
Your flesh is heat resistant. (rF+)
You regenerate health from kills.
You are powered by pain.
You are immune to clouds of flame.
Armour fits poorly on your strangely shaped body.


Message History

You block Ereshkigal's attack.
You hit Ereshkigal but do no damage.
Ereshkigal is moderately wounded.
You miss Ereshkigal. You headbutt Ereshkigal!
Ereshkigal is heavily wounded.
You block Ereshkigal's attack.
You slice Ereshkigal!! Your headbutt misses Ereshkigal.
Ereshkigal is heavily wounded.
You slice Ereshkigal!! Your headbutt misses Ereshkigal.
Ereshkigal is heavily wounded.
Ereshkigal gestures at you.
You suddenly lose the ability to move!
Ereshkigal hits you!
* * * LOW HITPOINT WARNING * * *
Ereshkigal hits you but does no damage. Ereshkigal hits you!!
* * * LOW HITPOINT WARNING * * *
Ereshkigal gestures at you.
Helpless, you fail to dodge the bolt of cold.
You resist.
You die...

...[.).[..)[...)).))).[....).()))
▓▓▓▓▓▓▓▓▓▓▓▓▓▓▓♣♣♣♣♣♣♣♣♣♣♣♣▓▓▓▓▓▓
.................................
.▓▓▓▓▓▓▓▓▓▓▓▓▓▓▓▓▓▓▓▓▓▓▓▓▓▓▓▓▓▓▓▓
.....†.††††.......'............≈.
▓▓▓▓▓▓▓▓▓▓▓▓▓▓▓▓▓▓▓▓▓▓▓▓▓▓▓▓▓▓▓▓▓
.................................
.▓▓▓▓▓▓▓▓▓▓▓▓▓▓▓▓▓▓▓▓▓▓▓▓▓▓▓▓▓▓▓▓
................@&...............
▓▓▓▓▓▓▓▓▓▓▓▓▓▓▓▓▓▓▓▓▓▓▓▓▓▓▓▓▓▓▓▓▓


You could see Ereshkigal.

Vanquished Creatures
  Cerebov (D)
  Antaeus (D)
  Asmodeus (D)
  the Royal Jelly (D)
  Gloorx Vloq (D)
  Mnoleg (D)
  Lom Lobon (D)
  Dispater (D)
  4 ancient liches (D)
  3 orbs of fire (D)
  Sojobo (D)
  7 greater mummies (D)
  A Killer Klown (D)
  Xtahua (D)
  Saint Roka (D)
  Geryon (D)
  A curse toe (D)
  Jory (D)
  A golden dragon (D)
  Nikola (D)
  3 electric golems (D)
  6 liches (D)
  3 tentacled monstrosities (D)
  29 Orb Guardians (D)
  5 deep elf blademasters (D)
  2 quicksilver dragons (D)
  A deep elf master archer (D)
  13 acid blobs (D)
  13 sphinxes (D)
  2 death cobs (D)
  Gastronok (D)
  10 shadow dragons (D)
  Donald (D)
  Ilsuiw (D)
  2 storm dragons (D)
  3 draconian monks (D)
  3 azure jellies (D)
  6 nagarajas (D)
  4 tengu reavers (D)
  2 fire giants (D)
  2 ghost moths (D)
  5 frost giants (D)
  A draconian shifter (D)
  A draconian knight (D)
  A spriggan defender (D)
  A deep elf sorcerer (D)
  3 vault wardens (D)
  5 emperor scorpions (D)
  2 draconian annihilators (D)
  3 draconian stormcallers (D)
  3 stone giants (D)
  An ironheart preserver (D)
  5 very ugly things (D)
  An entropy weaver (D)
  3 green draconians (D)
  4 vampire knights (D)
  A deep elf annihilator (D)
  5 white draconians (D)
  5 deep elf demonologists (D)
  2 black draconians (D)
  2 yellow draconians (D)
  A spark wasp (D)
  4 red draconians (D)
  3 purple draconians (D)
  2 ettins (D)
  7 merfolk javelineers (D)
  3 mummy priests (D)
  2 deep elf death magi (D)
  2 yaktaur captains (D)
  6 death oozes (D)
  2 merfolk impalers (D)
  A fire dragon (D)
  A great orb of eyes (D)
  A deep elf high priest (D)
  25 vault guards (D)
  3 ice dragons (D)
  A rakshasa (D)
  A catoblepas (D)
  5 hydras (D)
  A merfolk avatar (D)
  A centaur warrior (D)
  A satyr (D)
  A two-headed ogre (D)
  An alligator snapping turtle (D)
  6 ogre magi (D)
  An alligator (D)
  2 merfolk aquamancers (D)
  2 tengu warriors (D)
  A death yak (D)
  A naga sharpshooter (D)
  2 shock serpents (D)
  6 orc high priests (D)
  Nergalle (D)
  A shock serpent (shapeshifter) (D)
  A wretched star (D)
  An unseen horror (D)
  A shadow wraith (D)
  A large abomination (D)
  A sea snake (D)
  7 swamp dragons (D)
  A harpy (D)
  A lindwurm (D)
  A flayed ghost (D)
  5 orc knights (D)
  2 deep elf archers (D)
  5 ironbrand convokers (D)
  An ugly thing (D)
  A shining eye (shapeshifter) (D)
  2 orb spiders (D)
  A moth of wrath (shapeshifter) (D)
  An orc sorcerer (D)
  3 wolf spiders (D)
  A manticore (D)
  A salamander (D)
  An elephant (D)
  A cyclops (D)
  12 moths of wrath (D)
  3 black mambas (D)
  5 naga magi (D)
  2 guardian serpents (D)
  2 water nymphs (D)
  2 spiny frogs (D)
  A rime drake (D)
  3 yaktaurs (D)
  2 freezing wraiths (D)
  2 demonic crawlers (D)
  A wandering mushroom (D)
  18 guardian mummies (D)
  2 merfolk (D)
  A tengu conjurer (D)
  A troll (shapeshifter) (D)
  A troll (D)
  3 tyrant leeches (D)
  4 jumping spiders (D)
  A snapping turtle (D)
  5 hornets (D)
  2 hippogriffs (D)
  A bog body (D)
  12 spriggans (D)
  A redback (D)
  A yak (D)
  A wraith (D)
  3 golden eyes (D)
  A wyvern (D)
  A basilisk (D)
  2 vampire mosquitoes (D)
  A warg (D)
  3 nagas (D)
  2 water moccasins (D)
  2 acid dragons (D)
  A floating eye (D)
  3 small abominations (D)
  4 swamp drakes (D)
  A porcupine (D)
  10 orc warriors (D)
  2 eyes of draining (D)
  A sky beast (D)
  2 phantoms (D)
  A boggart (D)
  3 crocodiles (D)
  3 bullfrogs (D)
  A scorpion (D)
  15 orc priests (D)
  4 jellies (D)
  8 orc wizards (D)
  A quasit (D)
  2 hounds (D)
  5 worms (D)
  4 orcs (D)
  A bat (D)
  A bat skeleton (D)
  2 bat zombies (D)
  A giant cockroach (D)
  A hobgoblin (D)
  A jackal (D)
  A kobold (D)
  A leopard gecko skeleton (D)
  A rat (D)
520 creatures vanquished.

Vanquished Creatures (others)
  A stone giant (D)
  A yaktaur captain (D)
  5 ball lightnings (D)
  A fire vortex (D)
8 creatures vanquished.

Grand Total: 528 creatures vanquished

Notes
Turn   | Place    | Note
-------+----------+-------------------------------------------
     0 | D        | Hephaistos the Demonspawn Fighter began the quest for the Orb.
     0 | D        | Reached XP level 1. HP: 18/18 MP: 1/1
    68 | D        | Noticed a phantom
    74 | D        | Killed a phantom
    74 | D        | Gained mutation: You regenerate a little health from kills. [demonic ancestry]
    74 | D        | Reached XP level 2. HP: 24/24 MP: 2/2
    74 | D        | Gained mutation: You sometimes gain a little power by taking damage. [demonic ancestry]
    74 | D        | Reached XP level 3. HP: 29/29 MP: 3/3
    74 | D        | Gained mutation: You sometimes gain power by taking damage. [demonic ancestry]
    74 | D        | Reached XP level 4. HP: 35/35 MP: 4/4
   116 | D        | Found a roughly hewn altar of Beogh.
   116 | D        | Found a snail-covered altar of Cheibriados.
   116 | D        | Found a shadowy altar of Dithmenos.
   116 | D        | Found a white marble altar of Elyvilon.
   116 | D        | Found a blossoming altar of Fedhas.
   116 | D        | Found an opulent altar of Gozag.
   117 | D        | Found a hazy altar of Hepliaklqana.
   118 | D        | Found a viscous altar of Jiyva.
   119 | D        | Found an ancient bone altar of Kikubaaqudgha.
   120 | D        | Found a corrupted altar of Lugonu.
   121 | D        | Found a burning altar of Makhleb.
   122 | D        | Found a sparkling altar of Nemelex Xobeh.
   123 | D        | Found an iron altar of Okawaru.
   124 | D        | Found a stormy altar of Qazlal.
   125 | D        | Found a sacrificial altar of Ru.
   126 | D        | Found a deep blue altar of Sif Muna.
   127 | D        | Found a bloodstained altar of Trog.
   128 | D        | Found a hide-covered altar of Uskayaw.
   129 | D        | Found a radiant altar of Vehumet.
   130 | D        | Found an ornate altar of the Wu Jian Council.
   131 | D        | Found a shimmering altar of Xom.
   132 | D        | Found a basalt altar of Yredelemnul.
   134 | D        | Became a worshipper of Qazlal Stormbringer
   136 | D        | Found a glowing silver altar of Zin.
   137 | D        | Found a glowing golden altar of the Shining One.
   154 | D        | Got the +2 scimitar "Neot" {freeze, Int+4}
   190 | D        | Noticed an eye of draining
   190 | D        | Noticed a two-headed ogre
   190 | D        | Noticed a bullfrog
   192 | D        | Reached skill level 1 in Invocations
   193 | D        | Gained mutation: You regenerate health from kills. [demonic ancestry]
   193 | D        | Reached XP level 5. HP: 42/42 MP: 0/7
   197 | D        | Killed an eye of draining
   197 | D        | Reached * piety under Qazlal
   201 | D        | Killed a two-headed ogre
   201 | D        | Reached skill level 10 in Long Blades
   201 | D        | Reached skill level 1 in Dodging
   201 | D        | Gained mutation: You are powered by pain. [demonic ancestry]
   201 | D        | Reached XP level 6. HP: 50/55 MP: 1/12
   201 | D        | Reached XP level 7. HP: 54/60 MP: 1/13
   210 | D        | Reached ** piety under Qazlal
   300 | D        | Noticed a troll
   306 | D        | Killed a troll
   306 | D        | Reached XP level 8. HP: 49/68 MP: 14/14
   316 | D        | Reached *** piety under Qazlal
   440 | D        | Noticed a spiny frog
   440 | D        | Noticed a rime drake
   440 | D        | Noticed a black mamba
   458 | D        | Killed a spiny frog
   458 | D        | Reached **** piety under Qazlal
   458 | D        | Reached skill level 10 in Invocations
   463 | D        | Killed a rime drake
   463 | D        | Gained mutation: You have a pair of small horns on your head. [demonic ancestry]
   463 | D        | Reached XP level 9. HP: 50/75 MP: 15/17
   477 | D        | Killed a black mamba
   494 | D        | Reached ***** piety under Qazlal
   521 | D        | Noticed a catoblepas
   521 | D        | Noticed a death yak
   521 | D        | Noticed a spiny frog
   524 | D        | Killed a spiny frog
   526 | D        | Noticed an elephant
   534 | D        | Killed a catoblepas
   534 | D        | Reached XP level 10. HP: 43/85 MP: 19/19
   535 | D        | Killed a death yak
   535 | D        | Reached skill level 10 in Fighting
   538 | D        | Killed an elephant
   564 | D        | Noticed a lindwurm
   565 | D        | Reached ****** piety under Qazlal
   565 | D        | Killed a lindwurm
   565 | D        | Reached skill level 10 in Shields
   676 | D        | Noticed Gastronok
   772 | D        | Killed Gastronok
   772 | D        | Reached skill level 5 in Dodging
   772 | D        | Gained mutation: You have a pair of horns on your head. [demonic ancestry]
   772 | D        | Reached XP level 11. HP: 90/92 MP: 21/21
   889 | D        | Noticed an orc high priest
   890 | D        | Reached skill level 15 in Invocations
   896 | D        | Noticed an orc knight
   900 | D        | Noticed an orc sorcerer
   900 | D        | Killed an orc high priest
   902 | D        | Killed an orc sorcerer
   912 | D        | Killed an orc knight
   987 | D        | Found Kipn's Book Emporium.
   987 | D        | Noticed an orc high priest
   987 | D        | Noticed an orc high priest
   987 | D        | Noticed an orc high priest
   988 | D        | Killed an orc high priest
   988 | D        | Killed an orc high priest
   988 | D        | Killed an orc high priest
   993 | D        | Found Noafuqit's Jewellery Shoppe.
   993 | D        | Noticed an orc high priest
   994 | D        | Noticed an orc high priest
   995 | D        | Found Ukust's Jewellery Emporium.
   998 | D        | Killed an orc high priest
   998 | D        | Reached skill level 15 in Long Blades
  1005 | D        | Killed an orc high priest
  1007 | D        | Found Wymat's Magic Scroll Shoppe.
  1077 | D        | Bought the ring of Gin and Tonic {+Blink MP+9 Dex-2 Slay+3} for 424 gold pieces
  1077 | D        | Bought the amulet of Kikubaaqudgha's Hatred {Acrobat Int+4 Dex+5} for 559 gold pieces
  1079 | D        | Bought a scroll of enchant armour for 90 gold pieces
  1296 | D        | Noticed an orc knight
  1296 | D        | Noticed a fire dragon
  1302 | D        | Noticed a frost giant
  1308 | D        | Killed an orc knight
  1309 | D        | Noticed a tengu warrior
  1310 | D        | Killed a fire dragon
  1312 | D        | Noticed a fire giant
  1314 | D        | Killed a frost giant
  1314 | D        | Gained mutation: You have a somewhat thin skeletal structure. (Dex +2, Stealth) [demonic ancestry]
  1314 | D        | Reached XP level 12. HP: 54/100 MP: 25/25
  1319 | D        | Noticed a stone giant
  1319 | D        | Killed a tengu warrior
  1321 | D        | Noticed a spark wasp
  1324 | D        | Killed a fire giant
  1325 | D        | Noticed a tengu warrior
  1327 | D        | Noticed a frost giant
  1329 | D        | Killed a stone giant
  1329 | D        | Killed a spark wasp
  1347 | D        | Killed a frost giant
  1350 | D        | Killed a tengu warrior
  1429 | D        | Noticed Donald
  1434 | D        | Noticed Saint Roka
  1439 | D        | Killed Donald
  1441 | D        | Killed Saint Roka
  1441 | D        | Reached skill level 10 in Armour
  1441 | D        | Reached XP level 13. HP: 24/109 MP: 28/28
  1710 | D        | Reached skill level 27 in Invocations
  1767 | D        | Noticed Nergalle
  1769 | D        | Killed Nergalle
  1950 | D        | Noticed a white very ugly thing
  1950 | D        | Noticed an ettin
  1951 | D        | Killed an ettin
  1954 | D        | Noticed a stone giant
  1963 | D        | Killed a white very ugly thing
  1964 | D        | Noticed a frost giant
  1966 | D        | Killed a stone giant
  1967 | D        | Reached XP level 14. HP: 55/121 MP: 31/31
  1967 | D        | Killed a frost giant
  1986 | D        | Noticed a cyan very ugly thing
  1987 | D        | Noticed a frost giant
  1988 | D        | Noticed a fire giant
  1989 | D        | Noticed a brown very ugly thing
  1992 | D        | Noticed a frost giant
  1992 | D        | Killed a cyan very ugly thing
  1992 | D        | Killed a fire giant
  1992 | D        | Killed a frost giant
  1992 | D        | Reached skill level 15 in Fighting
  1992 | D        | Reached skill level 15 in Shields
  1994 | D        | Noticed a red very ugly thing
  1994 | D        | Killed a frost giant
  1996 | D        | Killed a brown very ugly thing
  1996 | D        | Killed a red very ugly thing
  2108 | D        | Noticed an entropy weaver
  2109 | D        | Killed an entropy weaver
  2122 | D        | Noticed an ironheart preserver
  2122 | D        | Killed an ironheart preserver
  2149 | D        | Noticed a purple very ugly thing
  2149 | D        | Noticed a vault warden
  2150 | D        | Noticed a vault warden
  2153 | D        | Killed a vault warden
  2153 | D        | Killed a vault warden
  2153 | D        | Killed a purple very ugly thing
  2254 | D        | Noticed a tengu reaver
  2255 | D        | Noticed Sojobo
  2256 | D        | Noticed a tengu reaver
  2257 | D        | Killed Sojobo
  2257 | D        | Killed a tengu reaver
  2257 | D        | Gained mutation: You have a moderately thin skeletal structure. (Dex +4, Stealth+) [demonic ancestry]
  2257 | D        | Reached XP level 15. HP: 134/134 MP: 32/32
  2267 | D        | Killed a tengu reaver
  2368 | D        | Found the +27 Lear's hauberk
  2446 | D        | Noticed Nikola
  2448 | D        | Killed Nikola
  2464 | D        | Noticed Jory
  2475 | D        | Killed Jory
  2475 | D        | Reached skill level 15 in Armour
  2479 | D        | Noticed Xtahua
  2485 | D        | Paralysed by Xtahua for 5 turns
  2499 | D        | Killed Xtahua
  2670 | D        | Got a decaying rune of Zot
  2682 | D        | Noticed Ilsuiw
  2688 | D        | Killed Ilsuiw
  2980 | D        | Got a barnacled rune of Zot
  2996 | D        | Killed a ghost moth
  2996 | D        | Killed a ghost moth
  3044 | D        | Reached XP level 16. HP: 130/148 MP: 29/33
  3062 | D        | Got a gossamer rune of Zot
  3110 | D        | Got a serpentine rune of Zot
  3440 | D        | Noticed a sphinx
  3440 | D        | Noticed a tentacled monstrosity
  3442 | D        | Killed a tentacled monstrosity
  3442 | D        | Killed a sphinx
  3447 | D        | Noticed a tengu reaver
  3448 | D        | Noticed a shadow dragon
  3449 | D        | Killed a tengu reaver
  3451 | D        | Noticed a shadow dragon
  3453 | D        | Killed a shadow dragon
  3453 | D        | Killed a shadow dragon
  3547 | D        | Noticed a shadow dragon
  3547 | D        | Noticed a shadow dragon
  3547 | D        | Noticed a shadow dragon
  3547 | D        | Noticed a shadow dragon
  3548 | D        | Gained mutation: You have a pair of large horns on your head. [demonic ancestry]
  3548 | D        | Reached XP level 17. HP: 162/162 MP: 34/34
  3611 | D        | Got a silver rune of Zot
  3699 | D        | Got the ring "Jaxtef" {*Drain +Fly rElec rF+ rN++}
  3701 | D        | Got the amulet "Plog" {Regen+ Int+2 Dex+3 Stlth+}
  3703 | D        | Got the amulet "Ifaomem" {RegenMP Int+3}
  3705 | D        | Got the amulet of Cadoor {Reflect Str+8 Dex-4 Slay-6 SH+3}
  3707 | D        | Got the ring "Wuwow" {rElec AC+3 Str+4}
  3898 | D        | Gained mutation: You are clumsy. (Dex -2) [potion of mutation]
  3898 | D        | Gained mutation: Your spells are a little harder to cast, but a little more powerful. [potion of mutation]
  3899 | D        | Lost mutation: Your spells are a little harder to cast, but a little more powerful. [potion of mutation]
  3899 | D        | Lost mutation: You are clumsy. (Dex -2) [potion of mutation]
  3899 | D        | Gained mutation: You are clumsy. (Dex -2) [potion of mutation]
  3899 | D        | Lost mutation: You are clumsy. (Dex -2) [potion of mutation]
  4109 | D        | Noticed a quicksilver dragon
  4109 | D        | Noticed a tentacled monstrosity
  4111 | D        | Noticed an electric golem
  4114 | D        | Killed a tentacled monstrosity
  4117 | D        | Killed a quicksilver dragon
  4128 | D        | Killed an electric golem
  4138 | D        | Reached skill level 27 in Shields
  4139 | D        | Noticed a quicksilver dragon
  4148 | D        | Killed a quicksilver dragon
  4192 | D        | Noticed a tentacled monstrosity
  4200 | D        | Killed a tentacled monstrosity
  4203 | D        | Reached XP level 18. HP: 178/179 MP: 35/35
  4262 | D        | Noticed an electric golem
  4293 | D        | Killed an electric golem
  4293 | D        | Reached skill level 27 in Fighting
  4435 | D        | Noticed an Orb Guardian
  4435 | D        | Noticed an Orb Guardian
  4435 | D        | Noticed an Orb Guardian
  4435 | D        | Noticed an Orb Guardian
  4435 | D        | Noticed an Orb Guardian
  4435 | D        | Noticed an Orb Guardian
  4439 | D        | Noticed an Orb Guardian
  4441 | D        | Killed an Orb Guardian
  4447 | D        | Noticed an Orb Guardian
  4447 | D        | Killed an Orb Guardian
  4450 | D        | Killed an Orb Guardian
  4461 | D        | Killed an Orb Guardian
  4468 | D        | Killed an Orb Guardian
  4473 | D        | Killed an Orb Guardian
  4480 | D        | Killed an Orb Guardian
  4483 | D        | Killed an Orb Guardian
  4485 | D        | Noticed an Orb Guardian
  4486 | D        | Noticed an Orb Guardian
  4492 | D        | Killed an Orb Guardian
  4501 | D        | Killed an Orb Guardian
  4501 | D        | Reached skill level 27 in Long Blades
  4509 | D        | Noticed a curse toe
  4509 | D        | Noticed an Orb Guardian
  4509 | D        | Noticed an Orb Guardian
  4510 | D        | Noticed an Orb Guardian
  4510 | D        | Killed a curse toe
  4510 | D        | Killed an Orb Guardian
  4510 | D        | Killed an Orb Guardian
  4510 | D        | Killed an Orb Guardian
  4511 | D        | Noticed an Orb Guardian
  4535 | D        | Killed an Orb Guardian
  4545 | D        | Noticed an ancient lich
  4554 | D        | Killed an ancient lich
  4557 | D        | Noticed an orb of fire
  4560 | D        | Gained mutation: Armour fits poorly on your strangely shaped body. [an orb of fire]
  4570 | D        | Killed an orb of fire
  4573 | D        | Noticed an electric golem
  4588 | D        | Killed an electric golem
  4590 | D        | Noticed a Killer Klown
  4590 | D        | Noticed an orb of fire
  4590 | D        | Noticed an Orb Guardian
  4590 | D        | Noticed an Orb Guardian
  4592 | D        | Killed an Orb Guardian
  4592 | D        | Reached XP level 19. HP: 144/189 MP: 36/36
  4592 | D        | Reached skill level 10 in Dodging
  4593 | D        | Noticed an orb of fire
  4598 | D        | Killed an orb of fire
  4598 | D        | Reached skill level 27 in Armour
  4598 | D        | Killed an orb of fire
  4598 | D        | Reached skill level 15 in Dodging
  4599 | D        | Noticed a golden dragon
  4601 | D        | Noticed an ancient lich
  4602 | D        | Killed a golden dragon
  4602 | D        | Killed an ancient lich
  4602 | D        | Killed a Killer Klown
  4621 | D        | Noticed an ancient lich
  4636 | D        | Killed an ancient lich
  4919 | D        | Noticed a lich
  4919 | D        | Noticed a lich
  4921 | D        | Killed a lich
  4921 | D        | Killed a lich
  4921 | D        | Gained mutation: You have an unnaturally thin skeletal structure. (Dex +6, Stealth++) [demonic ancestry]
  4921 | D        | Reached XP level 20. HP: 197/197 MP: 37/37
  4923 | D        | Reached skill level 27 in Dodging
  4926 | D        | Noticed an ancient lich
  4954 | D        | Killed an ancient lich
  4991 | D        | Reached skill level 15 in Unarmed Combat
  5032 | D        | Got an elven rune of Zot
  5117 | D        | Noticed the Royal Jelly
  5123 | D        | Killed the Royal Jelly
  5403 | D        | Got a slimy rune of Zot
  5794 | D        | Reached skill level 27 in Unarmed Combat
  5797 | D        | Gained mutation: Your flesh is heat resistant. (rF+) [demonic ancestry]
  5797 | D        | Reached XP level 21. HP: 196/204 MP: 38/38
  5812 | D        | Reached skill level 10 in Evocations
  5856 | D        | Noticed a greater mummy
  5856 | D        | Noticed a greater mummy
  5874 | D        | Killed a greater mummy
  5879 | D        | Killed a greater mummy
  5915 | D        | Noticed a greater mummy
  5915 | D        | Noticed a greater mummy
  5915 | D        | Noticed a greater mummy
  5915 | D        | Noticed a greater mummy
  5915 | D        | Noticed a greater mummy
  5919 | D        | Killed a greater mummy
  5919 | D        | Killed a greater mummy
  5921 | D        | Killed a greater mummy
  5921 | D        | Killed a greater mummy
  5926 | D        | Killed a greater mummy
  5956 | D        | Got a golden rune of Zot
  6008 | D        | Got an abyssal rune of Zot
  6135 | D        | Noticed Geryon
  6159 | D        | Killed Geryon
  6167 | D        | Noticed Mnoleg
  6167 | D        | Noticed Antaeus
  6168 | D        | Noticed Asmodeus
  6174 | D        | Killed Asmodeus
  6174 | D        | Reached skill level 1 in Spellcasting
  6180 | D        | Noticed Gloorx Vloq
  6192 | D        | Noticed Lom Lobon
  6196 | D        | Killed Mnoleg
  6196 | D        | Reached skill level 27 in Evocations
  6197 | D        | Killed Antaeus
  6202 | D        | Killed Gloorx Vloq
  6202 | D        | Reached skill level 10 in Throwing
  6202 | D        | Reached skill level 10 in Spellcasting
  6651 | D        | Killed Lom Lobon
  6651 | D        | Gained mutation: You are immune to clouds of flame. [demonic ancestry]
  6651 | D        | Reached XP level 22. HP: 119/212 MP: 36/39
  6892 | D        | Noticed Dispater
  6926 | D        | Noticed Cerebov
  6933 | D        | Killed Dispater
  6949 | D        | Noticed Ereshkigal
  6964 | D        | Killed Cerebov
  6964 | D        | Reached skill level 15 in Stealth
  7000 | D        | Paralysed by Ereshkigal for 5 turns
  7021 | D        | Paralysed by Ereshkigal for 5 turns
  7023 | D        | HP: 7/212 [Ereshkigal (20)]
  7024 | D        | Killed from afar by Ereshkigal

Vault maps used:
D:        linesprint

Skill      XL: |  1  2  3  4  5  6  7  8  9 10 11 12 13 14 15 16 17 18 19 20 21 22 |
---------------+-------------------------------------------------------------------+-----
Long Blades    | 8 10 11 13 14 15 16 17 19 21 24 27 | 27.0
Armour         | 3 6 7 8 9 10 11 14 17 18 19 26 27 | 27.0
Shields        | 3 6 7 9 10 11 12 14 17 21 24 27 | 27.0
Invocations    | 2 8 9 10 12 14 19 23 27 | 27.0
Fighting       | 7 8 9 10 11 12 14 17 19 22 26 27 | 27.0
Dodging        | 1 2 4 5 6 7 9 26 27 | 27.0
Unarmed Combat | 27 | 27.0
Evocations     | 6 27 | 27.0
Throwing       | 12 14 | 14.8
Stealth        | 12 15 | 15.6
Spellcasting   | 11 14 | 14.5

Action                   |  1- 3 |  4- 6 |  7- 9 | 10-12 | 13-15 | 16-18 | 19-21 | 22-24 || total
-------------------------+-------+-------+-------+-------+-------+-------+-------+-------++-------
Melee: Long sword        |    17 |     5 |       |       |       |       |       |       ||    22
       Scimitar          |       |     6 |    96 |   119 |    79 |       |       |       ||   300
       Headbutt          |       |       |     9 |    34 |    53 |   164 |   144 |    42 ||   446
       Demon blade       |       |       |       |       |    66 |   220 |       |       ||   286
       Katana            |       |       |       |       |       |   191 |   353 |    74 ||   618
Invok: Disaster Area     |       |       |     2 |    12 |    28 |    18 |    26 |     2 ||    88
 Abil: Evoke Flight      |       |       |       |       |       |       |       |     1 ||     1
Evoke: Wand              |       |     5 |       |       |       |       |       |       ||     5
  Use: Potion            |     1 |       |     1 |       |     2 |     2 |     6 |     7 ||    19
       Scroll            |       |       |       |       |       |     3 |     2 |       ||     5
  Eat: Chunk             |       |       |       |     2 |     5 |     5 |     2 |       ||    14
       Ration            |       |       |       |       |       |       |     2 |       ||     2
Armor: Scale mail        |     9 |       |       |       |       |       |       |       ||     9
       Ring mail         |       |       |    15 |     5 |       |       |       |       ||    20
       Plate armour      |       |       |       |     4 |    87 |    25 |       |       ||   116
       Gold dragon scale |       |       |       |       |       |    32 |    35 |     8 ||    75
Dodge: Dodged            |     6 |     2 |    21 |    21 |    47 |    51 |    40 |     4 ||   192
       Deflected         |       |       |       |     1 |     3 |     3 |     6 |     1 ||    14
Block: Shield            |     3 |     2 |    62 |    51 |   160 |   126 |       |       ||   404
       Reflection        |       |       |       |       |    12 |    15 |       |       ||    27
       Large shield      |       |       |       |       |       |   151 |   260 |    33 ||   444
       Rpst.: Scimitar   |       |       |     5 |     2 |     1 |       |       |       ||     8
       Demon blade       |       |       |       |       |       |     5 |       |       ||     5
       Katana            |       |       |       |       |       |     1 |     7 |     1 ||     9

Table legend:
 A = Spawn XP
 B = Non-spawn XP
 C = Spawn XP percentage of total XP
 D = Spawn monster count
 E = Non-spawn monster count
 F = Spawn count percentage of total count
 G = Total turns spent on level
                    A         B        C        D         E        F      G
               +---------+---------+-------+---------+---------+-------+---------
         Total |       0 |  739715 |   0.0 |       0 |     513 |   0.0 |  7024
               +---------+---------+-------+---------+---------+-------+---------
             D |       0 |  739715 |   0.0 |       0 |     513 |   0.0 |  7024
               +---------+---------+-------+---------+---------+-------+---------
